Map: Whirlwind LE (Void)

Players

Matiz

  • Race: Zerg Zerg
  • League: Master
  • Spawn Location: 11:00

ArT

  • Race: Zerg Zerg
  • League: Master
  • Spawn Location: 7:00

Nedi (ArT)

  • Race: Protoss Protoss
  • League: Master

Rodzyn

  • Race: Protoss Protoss
  • League: Master

VOD

Have the link to the VOD?

Description

Time

  • Played on: Nov. 26, 2016, 1:21 p.m.
  • Length: 9:45
Show
View Real Time Build Order
Export as new Build Order

Matiz Zerg 

Build Orders: Hatch First 

Get SALT Encoding   

  12  0:01  Drone  
  13  0:14  Overlord  
  13  0:17  Drone  
  14  0:23  Drone, Extractor  
  15  0:32  Drone  
  16  0:37  Drone  
  17  0:53  Hatchery  
  17  0:56  Drone  
  17  0:57  Drone  
  18  1:10  Extractor  
  17  1:13  Spawning Pool  
  17  1:15  Drone  
  17  1:19  Drone  
  18  1:30  Drone  
  19  1:41  Overlord  
  19  1:55  Drone  
  19  1:59  Queen  
  22  2:02  Zergling x2  
  22  2:05  Queen  
  22  2:06  Drone  
  26  2:15  Drone  
  26  2:20  Drone  
  28  2:24  Drone  
  28  2:29  Drone  
  30  2:34  Drone  
  30  2:36  Lair  
  31  2:38  Drone  
  32  2:45  Overlord  
  32  2:48  Extractor, Drone  
  32  2:51  Metabolic Boost  
  32  2:55  Extractor  
  32  2:58  Drone  
  32  2:59  Zergling x2  
  33  3:06  Zergling x2  
  33  3:09  Drone x2  
  33  3:12  Drone x2  
  38  3:13  Drone  
  38  3:16  Drone  
  38  3:19  Extractor  
  39  3:26  Drone x2  
  41  3:31  Overlord  
  41  3:36  Spire, Overlord, Drone  
  41  3:42  Overlord  
  41  3:43  Drone x3  
  41  3:46  Overlord  
  44  3:51  Drone  
  44  3:52  Drone  
  47  3:55  Drone x2  
  47  4:11  Drone  
  47  4:12  Drone  
  47  4:14  Drone x3  
  47  4:15  Drone  
  49  4:18  Drone  
  50  4:25  Drone  
  50  4:27  Overlord  
  51  4:39  Overlord  
  50  4:50  Mutalisk x6  
  62  4:55  Mutalisk  
  62  4:57  Evolution Chamber  
  62  4:59  Mutalisk  
  65  5:03  Zergling x4  
  65  5:04  Overseer  
  67  5:14  Hatchery  
  67  5:20  Overlord  
  66  5:22  Zerg Flyer Armor Level 1  
  66  5:26  Drone x2  
  66  5:28  Overlord  
  68  5:33  Zerg Melee Weapons Level 1  
  68  5:34  Corruptor  
  70  5:42  Drone x3  
  72  5:50  Overlord  
  72  5:54  Spore Crawler  
  71  5:57  Spore Crawler, Overlord x2  
  70  6:08  Overlord x2  
  70  6:11  Corruptor x2  
  74  6:22  Corruptor  
  74  6:25  Drone  
  75  6:26  Drone x5  
  75  6:32  Corruptor  
  82  6:36  Corruptor  
  84  6:46  Corruptor  
  84  6:47  Corruptor  
  77  6:52  Overlord  
  81  6:55  Overlord  
  81  7:00  Overlord  
  81  7:07  Drone x3  
  82  7:10  Overlord x2  
  82  7:14  Overlord  
  82  7:16  Overlord  
  82  7:17  Spore Crawler  
  81  7:29  Overlord  
  80  7:30  Spore Crawler, Drone  
  80  7:31  Drone x5  
  80  7:32  Extractor  
  80  7:36  Spore Crawler  
  80  7:38  Drone x3  
  80  7:41  Overlord  
  83  7:45  Drone x2  
  83  7:49  Drone  
  84  7:52  Drone  
  83  7:59  Baneling Nest  
  83  8:00  Drone  
  83  8:01  Drone  
  82  8:12  Drone x3  
  81  8:23  Drone  
  81  8:24  Drone  
  83  8:28  Drone  
  83  8:29  Drone x2  
  83  8:31  Hatchery, Drone  
  85  8:34  Drone x2  
  86  8:41  Queen  
  86  8:45  Zergling x2, Queen  
  86  8:46  Zergling x6  
  89  8:59  Drone x2  
  79  9:03  Drone x3  
  79  9:04  Drone  
  83  9:12  Overlord  
  83  9:17  Drone x3  
  83  9:20  Extractor  
  85  9:25  Overlord  
  85  9:28  Drone x3  
  85  9:29  Drone  
  86  9:36  Infestation Pit  
Show
View Real Time Build Order
Export as new Build Order

ArT Zerg 

Build Orders:  

Get SALT Encoding   

  12  0:01  Probe (Chrono Boost)  
  13  0:11  Probe (Chrono Boost)  
  14  0:18  Pylon  
  14  0:22  Probe (Chrono Boost)  
  15  0:36  Probe (Chrono Boost)  
  15  0:37  Gateway  
  16  0:43  Assimilator  
  16  0:46  Probe (Chrono Boost)  
  17  0:57  Probe (Chrono Boost)  
  18  1:08  Probe (Chrono Boost)  
  19  1:22  Nexus  
  19  1:26  Probe (Chrono Boost)  
  20  1:35  Cybernetics Core  
  20  1:39  Probe (Chrono Boost)  
  21  1:44  Assimilator  
  21  1:49  Probe (Chrono Boost)  
  22  1:54  Pylon  
  22  2:00  Probe (Chrono Boost)  
  23  2:07  Warp Gate  
  23  2:09  Adept  
  23  2:14  Probe (Chrono Boost)  
  26  2:24  Stargate  
  26  2:28  Probe (Chrono Boost)  
  27  2:34  Probe (Chrono Boost)  
  27  2:36  Zealot  
  30  2:40  Probe (Chrono Boost)  
  31  2:45  Mothership Core (Chrono Boost)  
  31  2:51  Pylon  
  33  2:52  Probe (Chrono Boost)  
  34  3:03  Probe x2 (Chrono Boost)  
  34  3:05  Oracle  
  39  3:14  Probe (Chrono Boost)  
  39  3:15  Probe (Chrono Boost)  
  41  3:21  Gateway  
  41  3:29  Gateway  
  41  3:33  Probe x2 (Chrono Boost)  
  43  3:45  Probe x2 (Chrono Boost)  
  49  3:48  Pylon  
  51  3:57  Probe x2 (Chrono Boost)  
  51  4:02  Pylon  
  51  4:06  Phoenix  
  51  4:07  Probe (Chrono Boost)  
  51  4:09  Probe (Chrono Boost)  
  51  4:12  Stargate  
  51  4:14  Assimilator  
  51  4:15  Assimilator  
  51  4:18  Probe (Chrono Boost)  
  51  4:23  Probe (Chrono Boost)  
  53  4:24  Zealot  
  53  4:25  Zealot  
  53  4:29  Phoenix  
  57  4:32  Probe (Chrono Boost)  
  57  4:35  Probe (Chrono Boost)  
  57  4:37  Pylon  
  61  4:44  Adept  
  64  4:47  Probe (Chrono Boost)  
  64  4:51  Phoenix  
  64  4:53  Phoenix  
  68  5:01  Nexus  
  68  5:06  Pylon  
  68  5:11  Probe (Chrono Boost)  
  68  5:13  Phoenix  
  69  5:16  Probe (Chrono Boost)  
  69  5:17  Pylon, Phoenix  
  76  5:29  Probe (Chrono Boost)  
  76  5:30  Probe (Chrono Boost)  
  76  5:31  Sentry  
  76  5:34  Phoenix  
  78  5:39  Twilight Council  
  78  5:41  Probe (Chrono Boost)  
  81  5:46  Phoenix  
  83  5:52  Probe (Chrono Boost)  
  83  5:54  Pylon, Forge  
  83  5:56  Probe (Chrono Boost)  
  85  6:01  Blink  
  86  6:05  Probe (Chrono Boost)  
  86  6:09  Probe (Chrono Boost)  
  86  6:10  Phoenix  
  87  6:12  Phoenix  
  87  6:15  Pylon  
  87  6:16  Protoss Ground Weapons Level 1  
  91  6:20  Probe (Chrono Boost)  
  91  6:21  Probe x2 (Chrono Boost)  
  96  6:34  Probe x2 (Chrono Boost)  
  96  6:35  Gateway x2  
  96  6:37  Probe (Chrono Boost)  
  97  6:44  Gateway  
  97  6:47  Probe (Chrono Boost), Gateway  
  97  6:51  Probe (Chrono Boost)  
  97  6:53  Robotics Facility  
  98  6:56  Probe (Chrono Boost)  
  98  7:00  Pylon  
  99  7:02  Stalker  
  99  7:03  Stalker x2  
  99  7:05  Probe (Chrono Boost)  
  106  7:08  Assimilator  
  106  7:10  Assimilator  
  106  7:11  Pylon  
  106  7:14  Photon Cannon  
  107  7:16  Probe (Chrono Boost)  
  107  7:28  Pylon  
  107  7:31  Gateway  
  107  7:32  Gateway, Stalker x3  
  112  7:45  Stalker  
  112  7:46  Stalker  
  112  7:48  Pylon  
  113  7:57  Stalker x3  
  119  8:00  Resonating Glaives  
  119  8:08  Stalker x2  
  119  8:11  Photon Cannon  
  123  8:13  Pylon  
  123  8:20  Stalker x4  
  123  8:24  Warp Prism  
  133  8:39  Stalker x3  
  137  8:52  Stalker x5  
  147  8:59  Templar Archives  
  145  9:03  Stalker x3  
  149  9:18  Probe x2 (Chrono Boost)  
  149  9:19  Pylon  
  149  9:20  Probe (Chrono Boost)  
  150  9:25  Pylon  
  150  9:29  Stalker x5  
Show
View Real Time Build Order
Export as new Build Order

Nedi Protoss 

Build Orders:  

Get SALT Encoding   

Show
View Real Time Build Order
Export as new Build Order

Rodzyn Protoss 

Build Orders:  

Get SALT Encoding   

Tags
 
Add a new tag
Caveats
  • Supply blocks, unpowered buildings, or Contaminate may cause inaccurate times.
  • Supply counts are checked every 10 seconds.